 Dungeon Crawl Stone Soup version 0.27-a0-1442-g87b6fcb595 (webtiles) character file.

Game seed: 8017848154377325085

3850 avis the Martial Artist (level 9, -2/85 HPs)
             Began as a Demigod Transmuter on July 5, 2021.
             Killed from afar by an orc wizard (6 damage)
             ... with a puff of flame
             ... on level 8 of the Dungeon.
             The game lasted 01:07:43 (11364 turns).

avis the Martial Artist (Demigod Transmuter)       Turns: 11364, Time: 01:07:43

Health: -2/85      AC:  8    Str: 15    XL:     9   Next: 66%
Magic:  14/16      EV: 13    Int: 15    God:
Gold:   326        SH:  0    Dex: 22    Spells: 3/14 levels left

rFire    x . .     SeeInvis .     - Unarmed
rCold    + + +     Faith    .   (shield currently unavailable)
rNeg     . . .     Spirit   .   (armour currently unavailable)
rPois    +         Reflect  .   (helmet currently unavailable)
rElec    .         Harm     .   (cloak currently unavailable)
rCorr    .         Rampage  .   (gloves currently unavailable)
Will     .....                  (boots currently unavailable)
Stlth    ++........             (no amulet)
HPRegen  0.24/turn              r - ring of poison resistance
MPRegen  0.15/turn              (no ring)

@: ice-form
A: freezing attack, amphibious, boosted hp, large, high mp 1, forlorn
a: End Transformation


You were on level 8 of the Dungeon.
You were a creature of crystalline ice.
You visited 2 branches of the dungeon, and saw 9 of its levels.
You also visited: Ossuary.

You collected 368 gold pieces.
You spent 42 gold pieces at shops.

Inventory:

Hand Weapons
 b - a +0 shortbow
 c - a +0 hand crossbow
 h - a +1 short sword of holy wrath
 G - a +3 great sword
 H - a +5 battleaxe
 J - a +1 dagger of electrocution
 L - a +3 dagger of chaos
Missiles
 d - 172 arrows
 e - 56 bolts
 q - 33 poisoned darts
 u - 2 curare-tipped darts
 w - 14 boomerangs (quivered)
 y - 31 stones
 I - 2 throwing nets
Armour
 a - a +0 robe
 K - +0 steam dragon scales (melded)
Magical Staves
 k - a staff of cold (melded)
Jewellery
 r - a ring of poison resistance (left front paw)
 z - an amulet of faith
Scrolls
 f - 4 scrolls of fog
 g - a scroll of amnesia {unknown}
 i - 2 scrolls of magic mapping
 m - 2 scrolls of silence {unknown}
 n - a scroll of summoning {unknown}
 v - 3 scrolls of fear {unknown}
 C - 4 scrolls of torment {unknown}
 D - 2 scrolls of enchant armour {unknown}
 E - 2 scrolls of enchant weapon {unknown}
 F - a scroll of holy word {unknown}
Potions
 j - 2 potions of brilliance
 l - 7 potions of heal wounds
 o - a potion of haste
 p - 3 potions of curing
 s - a potion of invisibility
 t - 2 potions of might
 x - a potion of flight
 A - a potion of magic
 B - 2 potions of degeneration


   Skills:
 - Level 4.0 Fighting
 - Level 5.0 Dodging
 * Level 8.9 Unarmed Combat
 - Level 3.0 Spellcasting
 - Level 6.0 Transmutations
 - Level 4.0 Ice Magic
 - Level 2.0 Poison Magic


You had 3 spell levels left.
You knew the following spells:

 Your Spells              Type           Power      Damage    Failure   Level
a - Beastly Appendage     Tmut           40%        N/A       1%          1
o - Ozocubu's Armour      Ice            14%        N/A       12%         3
p - Spider Form           Tmut/Pois      7%         N/A       12%         3
q - Ice Form              Ice/Tmut       17%        N/A       26%         4

Your spell library contained the following spells:

 Spells                   Type           Power      Damage    Failure   Level
 Wereblood                Tmut           20%        N/A       2%          2
 Freeze                   Ice            56%        1d7       3%          1
 Frozen Ramparts          Ice            28%        1d4       12%         3
 Foxfire                  Conj/Fire      8%         2x1d4     21%         1
 Ignite Poison            Fire/Tmut/Pois 10%        N/A       21%         3
 Mephitic Cloud           Conj/Pois/Air  4%         N/A       43%         3
 Conjure Flame            Conj/Fire      2%         6-21      52%         3
 Inner Flame              Hex/Fire       2%         N/A       52%         3
 Hailstorm                Conj/Ice       8%         3d4       65%         4
 Metabolic Englaciation   Hex/Ice        4%         N/A       94%         5
 Bolt of Magma            Conj/Fire/Erth 1%         4d4       99%         5
 Simulacrum               Ice/Necr       4%         N/A       100%        6
 Ozocubu's Refrigeration  Ice            7%         4d6       100%        7


Dungeon Overview and Level Annotations

Branches:
Dungeon (8/15)             Temple (1/1) D:5         Ossuary (visited)
   Lair: D:8-11

Shops:
D:1 :   D:3 !   D:4 *

Annotations:
D:3 1 runed translucent door, blackman's ghost, weakling DrCj
D:4 Book of the Dragon in display case.


Innate Abilities, Weirdness & Mutations

You are a creature of crystalline ice.
You have a powerful freezing melee attack.
You are amphibious.
Your maximum health is increased.
Your armour is entirely melded.
You are incapable of wielding weapons or throwing items.
Your attributes grow dramatically as you level up.
You have an increased reservoir of magic. (+10% MP)
You shall have no god before yourself.


Message History

The steam dragon bites you but does no damage.
The steam dragon claws you.
You hit the steam dragon but do no damage.
The steam dragon is almost dead.
The shadow closely misses you. The orc warrior misses you.
The orc wizard hits you with a +0 dagger.
The steam dragon closely misses you.
The steam dragon claws you but does no damage.
You hit the steam dragon but do no damage.
The steam dragon is almost dead.
The shadow slips into darkness.
The shadow flickers and vanishes!
The orc warrior hits you from afar with a +0 trident!
The orc wizard hits you but does no damage.
You punch the steam dragon! You freeze the steam dragon.
You kill the steam dragon!
The shadow strikes at you from the darkness!
Reactivating autopickup.
A magic dart appears from out of thin air!
Deactivating autopickup; reactivate with Ctrl-A.
The magic dart hits you. The orc warrior closely misses you.
You hit the shadow.
The shadow is moderately damaged.
The orc wizard gestures at you while chanting.
The magic dart hits you.
* * * LOW HITPOINT WARNING * * *
The shadow imp puffs mist at you. The shadow imp gestures at you.
Pain shoots through your body!
* * * LOW HITPOINT WARNING * * *
The shadow hits you!
* * * LOW HITPOINT WARNING * * *
Okay, then.
Casting: Ice Form (dangerous; 26% risk of failure)
Confirm with . or Enter, or press ? or * to list all spells.
You don't know that spell.
The orc warrior completely misses you.
The orc wizard gestures at you while chanting.
The puff of flame hits you. The fire burns you terribly!
You die...

## ..... #.. ..####
#.. #.. ...... ###
#.. #...... # ##..
#......
#...###......#
##..5o.(..##...####
#.....o..# #...<##
# #..Y..# #####[#
##.W..## ###
#......##
#?..#....#
#..####...#### #..#
#.......### ..>#
#..###....# ###
#.### #..### ...
##..#


You could see an orc warrior, a shadow, an orc wizard and a shadow imp.

Vanquished Creatures
  Psyche (D:8)
  5 yaks (D:7)
  2 steam dragons (D:8)
  A water moccasin (D:5)
  Duvessa (D:4)
  3 black bears
  A sky beast (D:5)
  3 necrophages
  An ogre (D:6)
  2 centaurs
  3 kobold brigands
  2 scorpions (D:6)
  2 bullfrogs
  A water moccasin zombie (D:5)
  Dowan (D:4)
  A wyvern zombie (D:7)
  3 wights
  A howler monkey (D:4)
  A bullfrog zombie (D:5)
  A centaur zombie (D:5)
  A bullfrog skeleton (D:5)
  A centaur skeleton (D:7)
  5 hounds
  An orc priest (D:6)
  Terence (D:3)
  An iguana (D:6)
  2 orc wizards (D:8)
  A killer bee zombie (D:7)
  A hound skeleton (D:4)
  4 mummies (Ossuary)
  4 gnolls (D:5)
  2 howler monkey skeletons
  7 adders
  2 white imps
  2 worms (D:2)
  2 dart slugs
  14 orcs
  5 ball pythons
  7 endoplasms
  2 giant cockroaches (D:2)
  A gnoll zombie (Ossuary)
  6 hobgoblins
  10 jackals
  10 kobolds
  5 quokkas
  7 bats
  A frilled lizard (D:3)
  5 goblins
  6 hobgoblin zombies (Ossuary)
  A jackal zombie (Ossuary)
  2 kobold zombies (Ossuary)
  8 rats
  2 rat zombies (Ossuary)
165 creatures vanquished.

Vanquished Creatures (others)
  2 withered plants (D:3)
2 creatures vanquished.

Grand Total: 167 creatures vanquished

Notes
Turn   | Place    | Note
-------+----------+-------------------------------------------
     0 | D:1      | avis the Demigod Transmuter began the quest for the Orb.
     0 | D:1      | Reached XP level 1. HP: 15/15 MP: 5/5
    56 | D:1      | Reached skill level 3 in Unarmed Combat
   406 | D:1      | Reached XP level 2. HP: 22/22 MP: 5/7
   434 | D:1      | Found Ohunaex's Book Boutique.
  1657 | D:2      | Reached XP level 3. HP: 27/27 MP: 6/8
  1669 | D:2      | Learned a level 3 spell: Spider Form
  1686 | D:2      | Reached skill level 4 in Unarmed Combat
  1804 | D:2      | Reached skill level 1 in Fighting
  1814 | D:2      | Reached skill level 1 in Poison Magic
  2333 | D:2      | Reached XP level 4. HP: 34/36 MP: 7/9
  2575 | D:3      | Found a runed translucent door.
  2578 | D:3      | Noticed blackman's ghost (weakling DrCj)
  2820 | D:3      | Noticed Terence
  2866 | D:3      | Killed Terence
  2984 | D:3      | Found Cidith's Distillery.
  2987 | D:3      | Bought a potion of curing for 42 gold pieces
  3067 | D:3      | Reached XP level 5. HP: 5/41 MP: 4/10
  3751 | D:4      | Found Tihy's Overcharged Wands.
  3764 | D:4      | Reached skill level 5 in Unarmed Combat
  4235 | D:4      | Noticed Duvessa
  4364 | D:4      | Noticed Dowan
  4386 | D:4      | Killed Duvessa
  4387 | D:4      | Reached XP level 6. HP: 27/51 MP: 6/11
  4398 | D:4      | Killed Dowan
  4710 | D:4      | Reached skill level 6 in Unarmed Combat
  4934 | D:5      | Entered Level 5 of the Dungeon
  5089 | D:5      | Reached XP level 7. HP: 9/57 MP: 8/12
  5109 | D:5      | Found a sand-covered staircase.
  5266 | Ossuary  | Entered an ossuary
  5290 | Ossuary  | Reached skill level 7 in Unarmed Combat
  6435 | D:5      | Reached skill level 5 in Dodging
  6834 | D:5      | Found a staircase to the Ecumenical Temple.
  6884 | D:5      | Reached XP level 8. HP: 66/66 MP: 10/13
  7167 | Temple   | Entered the Ecumenical Temple
  7184 | D:5      | Learned a level 4 spell: Ice Form
  7369 | D:6      | Reached skill level 1 in Ice Magic
  9680 | D:7      | Reached skill level 5 in Transmutations
  9801 | D:7      | Reached XP level 9. HP: 69/71 MP: 12/15
 10443 | D:8      | Reached skill level 8 in Unarmed Combat
 10647 | D:7      | Learned a level 3 spell: Ozocubu's Armour
 10829 | D:8      | Noticed Psyche
 11163 | D:8      | Killed Psyche
 11363 | D:8      | HP: 4/85 [shadow (9)]
 11364 | D:8      | Killed from afar by an orc wizard

Illustrated notes

Levels and vault maps discovered:
D:1:      shiori_arrival_whats_in_store_for_you, layout_basic, serial_shops,
          nicolae_shop_temple_entry_statues_fountains
D:2:      minmay_razor_zed, layout_basic, basic_ecumenical_altar, minivault_26
D:3:      layout_rooms, serial_shops, nicolae_shop_behind_doors,
          gammafunk_ghost_grave, kennysheep_cross_bottleneck, uniq_terence
D:4:      layout_loops_ring, zin_statuary, serial_glass, glass_columns_c,
          glass_columns_a, glass_columns_a, glass_columns_c, glass_columns_a,
          glass_columns_a, due_unseen_surprise, nicolae_shop_overcharged_wands,
          uniq_duvessa
D:5:      layout_basic, minmay_temple_entry_antechambers,
          nicolae_ossuary_entry_plus
D:6:      layout_gridville, minivault_1
D:7:      layout_loops_cross
D:8:      layout_layer_cave, uniq_psyche
Temple:   nicolae_temple_the_god_donut

Skill      XL: |  1  2  3  4  5  6  7  8  9 |
---------------+----------------------------+-----
Unarmed Combat | 3 4 5 6 7 8 |  8.9
Transmutations | 2 5 6 |  6.0
Fighting       | 1 2 3 4 |  4.0
Poison Magic   | 1 2 |  2.0
Dodging        | 5 |  5.0
Spellcasting   | 2 3 |  3.0
Ice Magic      | 4 |  4.0

Action                   |  1- 3 |  4- 6 |  7- 9 || total
-------------------------+-------+-------+-------++-------
Melee: Unarmed           |    98 |   107 |   294 ||   499
       Headbutt          |     9 |     6 |    15 ||    30
       Kick              |    21 |    11 |    24 ||    56
       Punch             |     2 |       |     1 ||     3
       Staff             |       |       |    15 ||    15
 Fire: Hand crossbow     |       |       |     3 ||     3
Throw: Dart              |       |       |     1 ||     1
 Cast: Beastly Appendage |    37 |    18 |    14 ||    69
       Spider Form       |     2 |     8 |    37 ||    47
       Ice Form          |       |       |     7 ||     7
       Ozocubu's Armour  |       |       |     2 ||     2
  Use: Scroll            |       |     2 |     9 ||    11
       Potion            |       |     1 |       ||     1
 Stab: Sleeping          |       |     2 |     3 ||     5
       Invisible         |       |       |     1 ||     1
Armor: Robe              |    11 |    13 |     5 ||    29
       Skin              |       |     3 |    41 ||    44
Dodge: Dodged            |    48 |    77 |   278 ||   403

Table legend: (Time is in decaauts)
 A = Elapsed time spent in this place.
 B = Non-inter-level travel time spent in this place.
 C = Inter-level travel time spent in this place.
 D = Time resting spent in this place.
 E = Time spent auto-exploring this place.
 F = Levels seen in this place.
 G = Mean time per level.
                   A        B        C        D        E       F      G
               +--------+--------+--------+--------+--------+-----+--------+
         Total |  11315 |  10478 |    837 |   4859 |   3455 |  10 | 1131.5 |
       Dungeon |  10945 |  10108 |    837 |   4715 |   3455 |   8 | 1368.1 |
        Temple |     16 |     16 |      0 |      0 |      0 |   1 |   16.0 |
       Ossuary |    354 |    354 |      0 |    144 |      0 |   1 |  354.0 |
               +--------+--------+--------+--------+--------+-----+--------+

Top non-repeatable levels by time:
     D:7: 2267 daAuts
     D:5: 1969 daAuts
     D:1: 1605 daAuts
     D:4: 1352 daAuts
     D:6: 1210 daAuts
     D:2: 1048 daAuts
     D:3: 1034 daAuts
     D:8: 458 daAuts
 Ossuary: 354 daAuts
  Temple: 16 daAuts
